TOP OF THE 1ST |
Rome Braves batting - Pitching for Vancouver Canadians : RHP William Cordero
|
Pitching: RHP William Cordero
|
|
Batting: RHB Bill Turnbull
|
0-0: Ball 1-0: Foul Ball, location: 2F 1-1: Ground out 6-3 (Groundball, 6, EV 87.5 MPH)
|
Batting: RHB Joe Young
|
0-0: Ball 1-0: Swinging Strike 1-1: Called Strike 1-2: Ball 2-2: Ball 3-2: Strikes out swinging
|
Batting: RHB Corey Dalton
|
0-0: Ball 1-0: Called Strike 1-1: DOUBLE (Line Drive, 89M, EV 95.0 MPH)
|
Batting: RHB Jose Ramos
|
0-0: Ball 1-0: Ground out 1-3 (Groundball, 13, EV 76.9 MPH)
|
Top of the 1st over - 0 runs, 1 hit, 0 errors, 1 left on base; Rome 0 - Vancouver 0 |
BOTTOM OF THE 1ST |
Vancouver Canadians batting - Pitching for Rome Braves : RHP Cesar Pulido
|
Pitching: RHP Cesar Pulido
|
|
Batting: RHB Lee McKay
|
0-0: Called Strike 0-1: Ball 1-1: Called Strike 1-2: Ground out 5-3 (Groundball, 56, EV 90.0 MPH)
|
Batting: LHB Ray Whitehead
|
0-0: Ball 1-0: Foul Ball, location: 2F 1-1: Foul Ball, location: 2F 1-2: Ball 2-2: Ball 3-2: Ground out 6-3 (Groundball, 4M, EV 105.6 MPH)
|
Batting: RHB Cesar Chavez
|
0-0: Ball 1-0: Called Strike 1-1: Ball 2-1: Foul Ball, location: 2F 2-2: Strikes out swinging
|
Bottom of the 1st over - 0 runs, 0 hits, 0 errors, 0 left on base; Rome 0 - Vancouver 0 |
TOP OF THE 2ND |
Rome Braves batting - Pitching for Vancouver Canadians : RHP William Cordero
|
Batting: LHB Art D'Ascenzo
|
0-0: Foul Ball, location: 2F 0-1: Foul Ball, location: 2F 0-2: Strikes out swinging
|
Batting: SHB Jose Melendez
|
0-0: Foul Ball, location: 2F 0-1: Swinging Strike 0-2: Strikes out swinging
|
Batting: LHB Ryan Murdock
|
0-0: Foul Ball, location: 2F 0-1: Foul Ball, location: 2F 0-2: Ball 1-2: Ball 2-2: Strikes out looking
|
Top of the 2nd over - 0 runs, 0 hits, 0 errors, 0 left on base; Rome 0 - Vancouver 0 |
BOTTOM OF THE 2ND |
Vancouver Canadians batting - Pitching for Rome Braves : RHP Cesar Pulido
|
Batting: LHB Sonny Flood
|
0-0: Swinging Strike 0-1: Ball 1-1: Swinging Strike 1-2: Ball 2-2: Strikes out swinging
|
Batting: RHB Kyle Scruggs
|
0-0: Ball 1-0: Foul Ball, location: 2F 1-1: Swinging Strike 1-2: Ball 2-2: Ball 3-2: Fly out, F9 (Flyball, 89D, EV 78.8 MPH)
|
Batting: SHB Scott Robbins
|
0-0: Ball 1-0: Foul Ball, location: 2F 1-1: Swinging Strike 1-2: Ball 2-2: Strikes out looking
|
Bottom of the 2nd over - 0 runs, 0 hits, 0 errors, 0 left on base; Rome 0 - Vancouver 0 |
TOP OF THE 3RD |
Rome Braves batting - Pitching for Vancouver Canadians : RHP William Cordero
|
Batting: RHB Yojiro Hayashi
|
0-0: Ball 1-0: Called Strike 1-1: Called Strike 1-2: Ball 2-2: Ball 3-2: Strikes out swinging
|
Batting: RHB Gerard Michel
|
0-0: Ball 1-0: Called Strike 1-1: Ball 2-1: Called Strike 2-2: Foul Ball, location: 2F 2-2: Ball 3-2: Ground out 6-3 (Groundball, 6, EV 92.5 MPH)
|
Batting: RHB Bill Turnbull
|
0-0: Ball 1-0: Called Strike 1-1: Called Strike 1-2: Strikes out swinging
|
Top of the 3rd over - 0 runs, 0 hits, 0 errors, 0 left on base; Rome 0 - Vancouver 0 |
BOTTOM OF THE 3RD |
Vancouver Canadians batting - Pitching for Rome Braves : RHP Cesar Pulido
|
Batting: RHB Porter Welsh
|
0-0: Ball 1-0: Ground out 5-3 (Groundball, 56S, EV 81.9 MPH)
|
Batting: RHB Jose Garza
|
0-0: Ball 1-0: Fly out, F8 (Flyball, 8LM, EV 85.0 MPH)
|
Batting: RHB Bobby Lasaguna
|
0-0: Called Strike 0-1: Ball 1-1: Foul Ball, location: 2F 1-2: Strikes out swinging
|
Bottom of the 3rd over - 0 runs, 0 hits, 0 errors, 0 left on base; Rome 0 - Vancouver 0 |
TOP OF THE 4TH |
Rome Braves batting - Pitching for Vancouver Canadians : RHP William Cordero
|
Batting: RHB Joe Young
|
0-0: Ball 1-0: Ball 2-0: Called Strike 2-1: Called Strike 2-2: SINGLE (Line Drive, 89S, EV 102.5 MPH)
|
Batting: RHB Corey Dalton
|
0-0: Ball Joe Young steals 2nd base 1-0: Foul Ball, location: 2F 1-1: Foul Ball, location: 2F 1-2: Ball 2-2: Foul Ball, location: 2F 2-2: Strikes out swinging
|
Batting: RHB Jose Ramos
|
0-0: Ball 1-0: Ground out 6-3 (Groundball, 6, EV 98.1 MPH)
|
Batting: LHB Art D'Ascenzo
|
0-0: Swinging Strike 0-1: Ball 1-1: Foul Ball, location: 2F 1-2: SINGLE (Groundball, 6D, EV 101.2 MPH) Joe Young to third Runner from 3rd tries for Home, SAFE, throw by CF to home
|
Batting: SHB Jose Melendez
|
0-0: Ball 1-0: Foul Ball, location: 2F 1-1: Foul Ball, location: 2F 1-2: Ball 2-2: Strikes out swinging
|
Top of the 4th over - 1 run, 2 hits, 0 errors, 1 left on base; Rome 1 - Vancouver 0 |
BOTTOM OF THE 4TH |
Vancouver Canadians batting - Pitching for Rome Braves : RHP Cesar Pulido
|
Batting: RHB Lee McKay
|
0-0: Ball 1-0: Foul Ball, location: 2F 1-1: Ball 2-1: SINGLE (Line Drive, 78S, EV 90.6 MPH)
|
Batting: LHB Ray Whitehead
|
0-0: Called Strike 0-1: Ball 1-1: Ball 2-1: Swinging Strike 2-2: Ball 3-2: Fly out, F8 (Flyball, 8LM, EV 92.5 MPH)
|
Batting: RHB Cesar Chavez
|
0-0: Ball 1-0: Called Strike 1-1: Swinging Strike 1-2: Strikes out swinging
|
Batting: LHB Sonny Flood
|
0-0: Called Strike 0-1: Ball 1-1: Ball 2-1: Fielders Choice at 2nd, 6-4 (Groundball, 4M, EV 103.8 MPH)
|
Bottom of the 4th over - 0 runs, 1 hit, 0 errors, 1 left on base; Rome 1 - Vancouver 0 |
TOP OF THE 5TH |
Rome Braves batting - Pitching for Vancouver Canadians : RHP William Cordero
|
Batting: LHB Ryan Murdock
|
0-0: Ground out 4-3 (Groundball, 4D, EV 98.8 MPH)
|
Batting: RHB Yojiro Hayashi
|
0-0: Ball 1-0: DOUBLE (Line Drive, 89D, EV 102.5 MPH)
|
Batting: RHB Gerard Michel
|
0-0: Called Strike 0-1: Called Strike 0-2: Strikes out swinging
|
Batting: RHB Bill Turnbull
|
0-0: Swinging Strike 0-1: Ball 1-1: Swinging Strike 1-2: Foul Ball, location: 2F 1-2: Foul Ball, location: 2F 1-2: Strikes out swinging
|
Top of the 5th over - 0 runs, 1 hit, 0 errors, 1 left on base; Rome 1 - Vancouver 0 |
BOTTOM OF THE 5TH |
Vancouver Canadians batting - Pitching for Rome Braves : RHP Cesar Pulido
|
Batting: RHB Kyle Scruggs
|
0-0: Ball 1-0: Called Strike 1-1: Called Strike 1-2: Strikes out swinging
|
Batting: SHB Scott Robbins
|
0-0: Ball 1-0: Ball 2-0: SINGLE (Groundball, 34D, EV 110.0 MPH)
|
Batting: RHB Porter Welsh
|
0-0: Ball 1-0: Ball 2-0: Grounds into double play, 6-4-3 (Groundball, 6, EV 106.9 MPH)
|
Bottom of the 5th over - 0 runs, 1 hit, 0 errors, 0 left on base; Rome 1 - Vancouver 0 |
TOP OF THE 6TH |
Rome Braves batting - Pitching for Vancouver Canadians : RHP William Cordero
|
Batting: RHB Joe Young
|
0-0: Called Strike 0-1: SINGLE (Groundball, 34S, EV 72.5 MPH) (infield hit)
|
Batting: RHB Corey Dalton
|
0-0: Ball 1-0: Foul Ball, location: 2F 1-1: Ball 2-1: Called Strike 2-2: Strikes out swinging
|
Batting: RHB Jose Ramos
|
0-0: Called Strike 0-1: Called Strike 0-2: Ball 1-2: Ball 2-2: Ball Joe Young steals 2nd base 3-2: 2-RUN HOME RUN (Flyball, 7LD, EV 98.8 MPH), Distance : 360 ft
|
Batting: LHB Art D'Ascenzo
|
0-0: Called Strike 0-1: Swinging Strike 0-2: SINGLE (Groundball, 25, EV 73.1 MPH) (infield hit)
|
Batting: SHB Jose Melendez
|
0-0: Called Strike 0-1: Ball 1-1: Fielders Choice at 2nd, 4-6 (Groundball, 4, EV 91.2 MPH)
|
Batting: LHB Ryan Murdock
|
0-0: Called Strike 0-1: Called Strike Jose Melendez is caught stealing 2nd base 2-6
|
Top of the 6th over - 2 runs, 3 hits, 0 errors, 0 left on base; Rome 3 - Vancouver 0 |
BOTTOM OF THE 6TH |
Vancouver Canadians batting - Pitching for Rome Braves : RHP Cesar Pulido
|
Batting: RHB Jose Garza
|
0-0: Called Strike 0-1: Swinging Strike 0-2: Strikes out looking
|
Batting: RHB Bobby Lasaguna
|
0-0: Ball 1-0: Called Strike 1-1: Called Strike 1-2: Fly out, F9 (Flyball, 9LS, EV 88.8 MPH)
|
Batting: RHB Lee McKay
|
0-0: SINGLE (Groundball, 4MD, EV 101.9 MPH)
|
Batting: LHB Ray Whitehead
|
0-0: Called Strike 0-1: Ball 1-1: Foul Ball, location: 2F 1-2: Ball 2-2: SINGLE (Line Drive, 8RS, EV 114.4 MPH) Lee McKay to second
|
Batting: RHB Cesar Chavez
|
0-0: Ball 1-0: Fly out, F8 (Flyball, 8RD, EV 88.8 MPH)
|
Bottom of the 6th over - 0 runs, 2 hits, 0 errors, 2 left on base; Rome 3 - Vancouver 0 |
TOP OF THE 7TH |
Rome Braves batting - Pitching for Vancouver Canadians : RHP William Cordero
|
Batting: LHB Ryan Murdock
|
0-0: Ball 1-0: Called Strike 1-1: Called Strike 1-2: Ball 2-2: Foul Ball, location: 2F 2-2: Foul Ball, location: 2F 2-2: Strikes out swinging
|
Pitching: RHP Dan Korte
|
|
Batting: RHB Yojiro Hayashi
|
0-0: Called Strike 0-1: Called Strike 0-2: Ball 1-2: Strikes out swinging
|
Batting: RHB Gerard Michel
|
0-0: Foul Ball, location: 2F 0-1: SOLO HOME RUN (Flyball, 7D, EV 98.1 MPH), Distance : 393 ft
|
Batting: RHB Bill Turnbull
|
0-0: Ball 1-0: Called Strike 1-1: Ball 2-1: Foul Ball, location: 2F 2-2: Foul Ball, location: 2F 2-2: Strikes out looking
|
Top of the 7th over - 1 run, 1 hit, 0 errors, 0 left on base; Rome 4 - Vancouver 0 |
BOTTOM OF THE 7TH |
Vancouver Canadians batting - Pitching for Rome Braves : RHP Cesar Pulido
|
Batting: LHB Sonny Flood
|
0-0: Ball 1-0: Called Strike 1-1: Foul Ball, location: 2F 1-2: Foul Ball, location: 2F 1-2: Strikes out swinging
|
Batting: RHB Kyle Scruggs
|
0-0: Called Strike 0-1: Ground out 6-3 (Groundball, 6, EV 88.1 MPH)
|
Batting: SHB Scott Robbins
|
0-0: Called Strike 0-1: Called Strike 0-2: Strikes out looking
|
Bottom of the 7th over - 0 runs, 0 hits, 0 errors, 0 left on base; Rome 4 - Vancouver 0 |
TOP OF THE 8TH |
Rome Braves batting - Pitching for Vancouver Canadians : RHP Dan Korte
|
Batting: RHB Joe Young
|
0-0: Foul Ball, location: 2F 0-1: Foul Ball, location: 2F 0-2: Strikes out swinging
|
Batting: RHB Corey Dalton
|
0-0: Ball 1-0: Ball 2-0: Ground out 6-3 (Groundball, 6, EV 86.9 MPH)
|
Batting: RHB Jose Ramos
|
0-0: Foul Ball, location: 2F 0-1: Swinging Strike 0-2: Strikes out swinging
|
Top of the 8th over - 0 runs, 0 hits, 0 errors, 0 left on base; Rome 4 - Vancouver 0 |
BOTTOM OF THE 8TH |
Vancouver Canadians batting - Pitching for Rome Braves : RHP Cesar Pulido
|
Batting: RHB Porter Welsh
|
0-0: Foul Ball, location: 2F 0-1: Called Strike 0-2: Ball 1-2: Ball 2-2: Strikes out swinging
|
Pinch Hitting: LHB Devin Huber
|
0-0: Ball 1-0: Ball 2-0: Called Strike 2-1: Ball 3-1: Swinging Strike 3-2: Base on Balls
|
Pitching: RHP Troy Hutch
|
|
Batting: RHB Bobby Lasaguna
|
0-0: Swinging Strike 0-1: Called Strike 0-2: Ball 1-2: Foul Ball, location: 2F 1-2: Ball 2-2: Foul Ball, location: 2F 2-2: Ball 3-2: Foul Ball, location: 2F 3-2: Foul Ball, location: 2F 3-2: Foul Ball, location: 2F 3-2: Strikes out swinging
|
Batting: RHB Lee McKay
|
0-0: Swinging Strike 0-1: Ball 1-1: Ball 2-1: Swinging Strike 2-2: Strikes out swinging
|
Bottom of the 8th over - 0 runs, 0 hits, 0 errors, 1 left on base; Rome 4 - Vancouver 0 |
TOP OF THE 9TH |
Rome Braves batting - Pitching for Vancouver Canadians : RHP Dan Korte
|
Now at SS: Lamberto Amicis
|
|
Batting: LHB Art D'Ascenzo
|
0-0: Called Strike 0-1: Called Strike 0-2: Strikes out looking
|
Batting: SHB Jose Melendez
|
0-0: Ball 1-0: Called Strike 1-1: Fly out, F8 (Flyball, 8LM, EV 98.8 MPH)
|
Batting: LHB Ryan Murdock
|
0-0: Ball 1-0: Called Strike 1-1: Foul Ball, location: 2F 1-2: Foul Ball, location: 2F 1-2: Ball 2-2: Ball 3-2: DOUBLE (Flyball, 8LXD, EV 96.2 MPH)
|
Batting: RHB Yojiro Hayashi
|
0-0: Called Strike 0-1: Called Strike 0-2: Strikes out swinging
|
Top of the 9th over - 0 runs, 1 hit, 0 errors, 1 left on base; Rome 4 - Vancouver 0 |
BOTTOM OF THE 9TH |
Vancouver Canadians batting - Pitching for Rome Braves : RHP Troy Hutch
|
Batting: LHB Ray Whitehead
|
0-0: Called Strike 0-1: Ball 1-1: Foul Ball, location: 2F 1-2: Strikes out swinging
|
Batting: RHB Cesar Chavez
|
0-0: Ball 1-0: Ball 2-0: Swinging Strike 2-1: Ball 3-1: Swinging Strike 3-2: Foul Ball, location: 2F 3-2: Strikes out swinging
|
Batting: LHB Sonny Flood
|
0-0: Ball 1-0: Foul Ball, location: 2F 1-1: Foul Ball, location: 2F 1-2: Foul Ball, location: 2F 1-2: Ball 2-2: Foul Ball, location: 2F 2-2: Ball 3-2: Foul Ball, location: 2F 3-2: TRIPLE (Flyball, 89XD, EV 106.9 MPH)
|
Batting: RHB Kyle Scruggs
|
0-0: Called Strike 0-1: Foul Ball, location: 2F 0-2: Hit by Pitch
|
Pitching: RHP Omar Orosco
|
|
Batting: SHB Scott Robbins
|
0-0: Ball 1-0: Called Strike 1-1: Hit by Pitch Kyle Scruggs to second
|
Batting: RHB Porter Welsh
|
0-0: Ball 1-0: Called Strike 1-1: Ground out U3 (Groundball, 34, EV 83.8 MPH)
|
Bottom of the 9th over - 0 runs, 1 hit, 0 errors, 3 left on base; Rome 4 - Vancouver 0 |
|